 Dungeon Crawl Stone Soup version 0.28.0-53-g5a82cb258f (webtiles) character file.

Game seed: 10208294093946360453

84 Ethylacetat the Shooter (level 4, 0/40 HPs)
             Began as a Naga Hunter on May 23, 2022.
             Slain by a rat (3 damage)
             ... on level 2 of the Dungeon.
             The game lasted 00:04:50 (2337 turns).

Ethylacetat the Shooter (Naga Hunter)               Turns: 2337, Time: 00:04:50

Health: 0/40       AC:  3    Str: 14    XL:     4   Next: 46%
Magic:  4/4        EV:  9    Int: 12    God:
Gold:   90         SH:  0    Dex: 13    Spells: 3/3 levels left

rFire   + . .      SeeInvis +   b - +0 short sword
rCold   + . .      Faith    .   (no shield)
rNeg    . . .      Spirit   .   c - +0 leather armour
rPois   +          Reflect  .   h - +1 hat
rElec   +          Harm     .   (no cloak)
rCorr   +          Rampage  .   (no gloves)
Will    .....                   (no barding)
Stlth   ++........              (no amulet)
HPRegen 0.13/turn               (no ring)
MPRegen 0.09/turn               (no ring)

@: brilliant, resistant, very slow
A: AC +1, large, see invisible, deformed body, poison resistance, slowness 2,
spit poison 1, naga tail 1
a: Spit Poison


You were on level 2 of the Dungeon.
You visited 1 branch of the dungeon, and saw 2 of its levels.

You collected 90 gold pieces.

Inventory:

Hand Weapons
 a - a +1 shortbow
 b - a +0 short sword (weapon)
Missiles
 d - 69 arrows
Armour
 c - a +0 leather armour (worn)
 h - a +1 hat (worn)
Scrolls
 j - a scroll of magic mapping
Potions
 f - a potion of resistance


   Skills:
 + Level 2.7 Fighting
 * Level 4.8 Bows
 - Level 0.3 Armour
 - Level 1.5 Dodging
 - Level 1.5 Stealth


You had 3 spell levels left.
You didn't know any spells.
Your spell library contained the following spells:

 Spells                   Type           Power      Damage    Failure   Level
 Apportation              Tloc           0%         N/A       38%         1
 Freeze                   Ice            0%         1d3       38%         1
 Magic Dart               Conj           0%         1d3       38%         1
 Sting                    Tmut/Pois      0%         1d3       38%         1
 Call Imp                 Summ           0%         N/A       54%         2
 Frozen Ramparts          Ice            0%         1d2       77%         3
 Mephitic Cloud           Conj/Pois/Air  0%         N/A       77%         3
 Hailstorm                Conj/Ice       0%         3d3       99%         4
 Alistair's Intoxication  Tmut/Pois      0%         N/A       100%        5


Dungeon Overview and Level Annotations

Branches:
Dungeon (2/15)

Altars:

Annotations:
D:2 Robin


Innate Abilities, Weirdness & Mutations

Your serpentine skin is tough. (AC +1)
You have supernaturally acute eyesight. (SInv)
Armour fits poorly on your strangely shaped body.
Your system is resistant to poisons. (rPois)
You cover ground very slowly.
You can spit poison.
You have a snake-like lower body.


Message History

You kill the goblin!
The rat bites you.
* * * LOW HITPOINT WARNING * * *
It was a potion of resistance.
You feel protected.
You have got your breath back.
The goblin closely misses you. The rat closely misses you.
It was a potion of brilliance.
You feel clever all of a sudden. The goblin hits you but does no damage.
The rat bites you.
* * * LOW HITPOINT WARNING * * *
Aiming: Spit Poison (1% risk of failure)
Press: ? - help, Shift-Dir - straight line, f - goblin
Aim: a goblin, wielding a +0 dagger (50% to hit)
The splash of poison misses the goblin.
The goblin hits you with a +0 dagger.
* * * LOW HITPOINT WARNING * * *
The rat barely misses you.
You hit the goblin.
You kill the goblin!
Okay, then.
As you read the scroll labelled CIEXKE UZUFA, it crumbles to dust.
It is a scroll of identify.
j - a scroll of magic mapping The rat closely misses you.
Robin roars a battlecry!
The goblin goes into a battle-frenzy!
Okay, then.
Okay, then.
You can't do that yet.
You hit the rat.
The rat is severely wounded.
You have got your breath back.
The rat bites you.
* * * LOW HITPOINT WARNING * * *
You closely miss the rat.
The rat is severely wounded.
The rat bites you.
* * * LOW HITPOINT WARNING * * *
The rat bites you.
You die...

....oo#...#.####.######
.....o#................
.....##..##............
....###..#######.#####.
########...# #.#
...........# #.#
..........## #.#
########.## #.# #@.#
#.# ##r# #.# #g)# #.#
##g# #.# .# #.# .# #.#
.. #.# .. #.#### ...
#....#


You could see Robin, a goblin (strong) and a rat.

Vanquished Creatures
  A bullfrog skeleton (D:2)
  A worm (D:1)
  3 ball pythons
  4 bats
  4 endoplasms (D:1)
  6 giant cockroaches (D:1)
  11 goblins
  6 hobgoblins
  2 jackals (D:1)
  A quokka (D:1)
  2 frilled lizards (D:1)
  2 kobolds (D:1)
  5 rats
48 creatures vanquished.

Notes
Turn   | Place    | Note
-------+----------+-------------------------------------------
     0 | D:1      | Ethylacetat the Naga Hunter began the quest for the Orb.
     0 | D:1      | Reached XP level 1. HP: 19/19 MP: 1/1
   239 | D:1      | Reached XP level 2. HP: 15/26 MP: 2/2
   241 | D:1      | Reached skill level 4 in Bows
   777 | D:1      | Found a faded altar of an unknown god.
   786 | D:1      | Got Plato's Disquisition on Poison
   834 | D:1      | Reached XP level 3. HP: 22/32 MP: 3/3
  1926 | D:2      | Reached XP level 4. HP: 32/40 MP: 4/4
  2300 | D:2      | Noticed Robin
  2337 | D:2      | Slain by a rat

Illustrated notes

Levels and vault maps discovered:
D:1:      dpeg_arrival_brainrot, layout_loops_corners,
          shapermc_ecumenical_altar_rom_forum
D:2:      cheibrodos_pilgrimage, layout_basic, uniq_robin

Skill      XL: |  1  2 |
---------------+-------+-----
Bows           | 4 |  4.8
Fighting       | |  2.7
Armour         | |  0.3
Dodging        | |  1.5
Stealth        | |  1.5

Action                   |  1- 3 |  4- 6 || total
-------------------------+-------+-------++-------
Melee: Short sword       |   102 |    27 ||   129
       Punch             |     2 |       ||     2
 Fire: Shortbow          |     7 |       ||     7
 Abil: Spit Poison       |    14 |     6 ||    20
  Use: Potion            |       |     3 ||     3
       Scroll            |       |     1 ||     1
 Stab: Sleeping          |     1 |       ||     1
Armor: Leather armour    |    34 |    10 ||    44
Dodge: Dodged            |    63 |    15 ||    78
